 Dungeon Crawl Stone Soup version 0.30.0-19-g36f170ea60 (webtiles) character file.

Game seed: 14489175852430208154

327 cdecastro the Zephyrmancer (level 6, -5/32 HPs)
             Began as a Tengu Air Elementalist on May 28, 2023.
             Killed from afar by Sigmund (7 damage)
             ... with a puff of flame
             ... on level 5 of the Dungeon.
             The game lasted 00:13:42 (4761 turns).

cdecastro the Zephyrmancer (Tengu Air Elementalist) Turns: 4761, Time: 00:13:43

Health: -5/32      AC:  3    Str:  9    XL:     6   Next: 50%
Magic:  1/10       EV: 14    Int: 17    God:
Gold:   193        SH:  0    Dex: 14    Spells: 2/9 levels left

rFire   . . .        b - +1 dagger (venom)
rCold   . . .        (no shield)
rNeg    . . .        A - +0 leather armour {Will+}
rPois   .            (helmet restricted)
rElec   .            (no cloak)
rCorr   .            (no gloves)
SInv    .            (boots unavailable)
Will    +....        (no amulet)
Stlth   ++           (no ring)
HPRegen 0.25/turn    (no ring)
MPRegen 0.12/turn

%: no passive effects
@: flying quickly and evasively, quick
A: beak, talons 3, nimble flight
a: no special abilities


You were on level 5 of the Dungeon.
You visited 1 branch of the dungeon, and saw 5 of its levels.

You collected 259 gold pieces.
You spent 66 gold pieces at shops.

Inventory:

Hand Weapons
 a - a +0 sling
 b - a +1 dagger of venom (weapon)
Armour
 r - a +0 robe
 A - a +0 leather armour of willpower (worn)
Jewellery
 s - a +6 ring of strength
 t - a ring of flight
 u - an amulet of magic regeneration
Wands
 d - a wand of flame (27)
Scrolls
 c - a scroll of fear {unknown}
 e - a scroll of vulnerability {unknown}
 f - a scroll of acquirement {unknown}
 h - 2 scrolls of fog {unknown}
 j - 3 scrolls of identify {unknown}
 l - 2 scrolls of immolation {unknown}
 m - 2 scrolls of teleportation {unknown}
 n - 4 scrolls of enchant weapon {unknown}
 o - a scroll of silence {unknown}
 q - a scroll of amnesia {unknown}
 v - a scroll of noise {unknown}
 w - a scroll of brand weapon {unknown}
 y - a scroll of blinking {unknown}
Potions
 g - 2 potions of flight {unknown}
 i - 4 potions of heal wounds {unknown}
 k - 6 potions of curing
 p - 2 potions of attraction {unknown}
 x - a potion of magic
 z - a potion of brilliance {unknown}


   Skills:
 - Level 2.1 Dodging
 - Level 2.0 Stealth
 - Level 2.0 Spellcasting
 - Level 1.3 Conjurations
 + Level 9.3 Air Magic


You had 2 spell levels left.
You knew the following spells:

 Your Spells              Type           Power      Damage    Failure   Level
a - Shock                 Conj/Air       76%        1d7       3%          1
b - Static Discharge      Conj/Air       38%        2-4/arc   4%          2
c - Airstrike             Air            16%        2d(3-19)  6%          4

Your spell library contained the following spells:

 Spells                   Type           Power      Damage    Failure   Level
 Swiftness                Air            33%        N/A       1%          3


Dungeon Overview and Level Annotations

Branches:
Dungeon (5/15)
 Temple: D:4-7

Altars:
Dithmenos
Okawaru
Xom

Shops:
D:3 !

Annotations:
D:1 scroll need fly
D:3 Grinder
D:5 Eustachio, Sigmund


Innate Abilities, Weirdness & Mutations

You have a beak for a mouth.
You have claws for feet.
Your magical nature lets you fly swiftly and evasively.


Message History

Sigmund is struck by an arc of lightning.
Sigmund is severely wounded.
You are struck by an arc of lightning.
* * * LOW HITPOINT WARNING * * *
The lightning grounds out.
Unknown command.
Unknown command.
Unknown command.
Casting: Static Discharge (safe; 4% risk of failure)
Confirm with . or Enter, or press ? or * to list all spells.
You don't have enough magic to cast this spell.
Unknown command.
Unknown command.
Unknown command.
Unknown command.
Your +1 dagger of venom begins to drip with poison!
b - a +1 dagger of venom (weapon)
Sigmund points at you and mumbles some strange words.
The magic dart hits you.
* * * LOW HITPOINT WARNING * * *
Unknown command.
You closely miss Sigmund. Your peck misses Sigmund.
Sigmund is severely wounded.
Sigmund hits you with a +0 scythe.
* * * LOW HITPOINT WARNING * * *
Unknown command.
You hit Sigmund.
Sigmund is poisoned.
Sigmund is severely wounded.
Unknown command.
You hit Sigmund.
Sigmund is almost dead.
Sigmund casts a spell.
Sigmund flickers and vanishes!
Deactivating autopickup; reactivate with Ctrl-A.
Unknown command.
There is an open door here.
There is a stone staircase leading up here.
A puff of flame appears from out of thin air!
The puff of flame hits you!
You die...

#########.#####o............
#....# #............. #....#
#o............ #....#
#............. #[...#
#.............
##..#####............. ####
#..####+##....##
#...)#...#....# #...@'...#
#....#...# #....#.{.#
##..####'# ....##..........
......+...<......
..#....#..)[...... ######
#........## .....##+##


There were no monsters in sight!

Vanquished Creatures
  A scorpion (D:4)
  A jelly (D:4)
  An iguana (D:4)
  An orc wizard (D:4)
  2 adders (D:5)
  6 gnolls
  6 worms
  8 orcs
  6 bats
  9 endoplasms
  2 giant cockroaches
  9 goblins
  12 hobgoblins
  4 kobolds
  5 quokkas
  4 ball pythons
  4 frilled lizards
  7 rats
88 creatures vanquished.

Notes
Turn   | Place    | Note
-------+----------+-------------------------------------------
     0 | D:1      | cdecastro the Tengu Air Elementalist began the quest for
                  | the Orb.
     0 | D:1      | Reached XP level 1. HP: 10/10 MP: 4/4
   261 | D:1      | Reached XP level 2. HP: 15/15 MP: 0/6
   506 | D:1      | Reached skill level 5 in Air Magic
   548 | D:1      | Learned a level 2 spell: Static Discharge
  1104 | D:1      | Reached XP level 3. HP: 19/19 MP: 5/7
  1654 | D:2      | Reached skill level 6 in Air Magic
  2075 | D:2      | Reached XP level 4. HP: 24/24 MP: 4/8
  2718 | D:3      | Reached skill level 7 in Air Magic
  2791 | D:3      | Found a shadowy altar of Dithmenos.
  2874 | D:3      | Learned a level 4 spell: Airstrike
  3029 | D:3      | Found Puneipiq's Distillery.
  3034 | D:3      | Bought 2 potions of curing for 66 gold pieces
  3096 | D:3      | Noticed Grinder
  3165 | D:3      | Gained mutation: Your magical nature lets you fly swiftly
                  | and evasively. [Tengu growth]
  3165 | D:3      | Reached XP level 5. HP: 21/28 MP: 5/9
  3528 | D:4      | Reached skill level 8 in Air Magic
  3766 | D:4      | Found a shimmering altar of Xom.
  3867 | D:4      | Reached XP level 6. HP: 8/32 MP: 2/10
  4001 | D:4      | Reached skill level 9 in Air Magic
  4359 | D:5      | Entered Level 5 of the Dungeon
  4373 | D:5      | Noticed Eustachio
  4561 | D:5      | Found an iron altar of Okawaru.
  4746 | D:5      | Noticed Sigmund
  4754 | D:5      | HP: 1/32 [Sigmund/+0 scythe (5)]
  4761 | D:5      | Killed from afar by Sigmund

Illustrated notes

Levels and vault maps discovered:
D:1:      dpeg_arrival_brainrot, layout_basic
D:2:      layout_basic
D:3:      layout_loops_ring, mainiacjoe_overflow_catwalk, serial_shops,
          nicolae_shop_stone, shapermc_ecumenical_altar_notcrosses,
          uniq_grinder, uniq_ijyb
D:4:      layout_cave_pools, kennysheep_little_box
D:5:      layout_gridville, lemuel_tele_altar, minmay_temple_entry_poolview,
          kennysheep_generic_room_12, uniq_sigmund, uniq_duvessa, uniq_eustachio

Skill      XL: |  1  2  3  4  5  6 |
---------------+-------------------+-----
Air Magic      | 5 6 7 8 9 |  9.3
Dodging        | |  2.1
Stealth        | |  2.0
Spellcasting   | |  2.0
Conjurations   | |  1.3

Action                     |  1- 3 |  4- 6 || total
---------------------------+-------+-------++-------
  Melee: Unarmed           |     5 |       ||     5
         Punch             |     1 |       ||     1
         Dagger            |     3 |    16 ||    19
         Kick              |       |     5 ||     5
         Peck              |       |     2 ||     2
   Fire: Sling             |     1 |    82 ||    83
   Cast: Shock             |    84 |    60 ||   144
         Static Discharge  |    12 |    15 ||    27
   Stab: Sleeping          |     2 |       ||     2
 Armour: Robe              |     4 |     5 ||     9
  Dodge: Dodged            |    11 |    40 ||    51
